 Dungeon Sprint DCSS version 0.26-a0-695-g987792ac36 (webtiles) character file.

Game seed: 10319733680559952122

614 olmar the Protected (level 7, -3/73 HPs)
             Began as a Minotaur Fighter on Oct 25, 2020.
             Was an Initiate of Gozag.
             Slain by a deep troll (4 damage)
             ... in the Dungeon (Sprint I: "Red Sonja").
             The game lasted 00:02:37 (921 turns).

olmar the Protected (Minotaur Fighter)               Turns: 921, Time: 00:02:38

Health: -3/73      AC:  8    Str: 22    XL:     7   Next: 20%
Magic:  6/6        EV:  9    Int:  5    God:    Gozag
Gold:   474        SH: 12    Dex: 10    Spells: 6/6 levels left

rFire    . . .     SeeInvis .   a - +0 flail
rCold    . . .     Faith    .   c - +0 kite shield
rNeg     . . .     Spirit   .   b - +0 scale mail
rPois    .         Reflect  .   (helmet restricted)
rElec    .         Harm     .   (no cloak)
rCorr    .         Rampage  .   (no gloves)
MR       .....     NoTele   +   (no boots)
Stlth    ..........             (no amulet)
HPRegen  0.22/turn              (no ring)
MPRegen  0.10/turn              (no ring)

@: very slightly contaminated, hasted, invisible, very quick
A: retaliatory headbutt, horns 2
a: Potion Petition, Call Merchant, Bribe Branch, Renounce Religion


You were in the Dungeon.
You worshipped Gozag.
Gozag was aware of your devotion.
You visited 1 branch You collected 816 gold pieces.
You spent 112 gold pieces at shops.
You paid 230 gold pieces to Gozag.

Inventory:

Hand Weapons
 a - a +0 flail (weapon)
Armour
 b - a +0 scale mail (worn)
 c - a +0 kite shield (worn)
Wands
 k - a wand of random effects (26)
Scrolls
 i - a scroll of remove curse {unknown}
 j - a scroll of blinking
Potions
 d - a potion of might
 e - 4 potions of curing
 g - a potion of haste
 h - 2 potions of magic


   Skills:
 + Level 10.6 Fighting
 + Level 7.2 Maces & Flails
 + Level 10.9 Armour
 - Level 0.2 Dodging
 + Level 10.3 Shields
 + Level 0.1 Evocations


You had 6 spell levels left.
You didn't know any spells.
Your spell library was empty.

Dungeon Overview and Level Annotations

Branches:
Dungeon (1/1)

Altars:
Cheibriados
Dithmenos
Elyvilon
Fedhas
Gozag
Hepliaklqana
Kikubaaqudgha
Makhleb
Nemelex Xobeh
Okawaru
Qazlal
Ru
Sif Muna
Trog
Uskayaw
Vehumet
Wu Jian
Xom
Yredelemnul
Zin
The Shining One
Jiyva
Lugonu

Shops:
D *?


Innate Abilities, Weirdness & Mutations

You reflexively headbutt those who attack you in melee.
You have a pair of horns on your head.


Message History

The deep troll claws you.
* * * LOW HITPOINT WARNING * * *
The deep troll barely misses you.
Unknown command.
You closely miss the deep troll.
The deep troll is severely wounded.
The deep troll barely misses you. You furiously retaliate!
You headbutt the deep troll. The deep troll closely misses you. x2
Unknown command.
Unknown command.
Okay, then. [a] - 350 gold - haste and brilliance [b] - 576 gold - haste, brilliance and resistance [c] - 230 gold - haste Purchase which effect?
You feel yourself speed up.
The deep troll bites you but does no damage.
The deep troll claws you.
You die...
Your body crumbles into a pile of gold.

#..#####'#####'#__####
$ #..####..#...#.####
$ #..#__####..##.# $$
#..#_____##'#_.+
#⌠⌠#_.∩...'..._# $$
####_..__##_(#'#
$$#_____###'#)# $ $
############.####+###
$
#∩^.......'..@T$$.$$+$
###++++####...#######
$ ###.### #.#'#.# $
#.....# $ #.....#
####### $ $ $ $ $


You could see a deep troll.

Vanquished Creatures
  A slime creature (D)
  Sigmund (D)
  A yak (D)
  An ogre (D)
  A jelly (D)
  Ijyb (D)
  A ballistomycete spore (D)
7 creatures vanquished.

Vanquished Creatures (others)
  Sonja (D)
  A ballistomycete spore (D)
2 creatures vanquished.

Grand Total: 9 creatures vanquished

Notes
Turn   | Place    | Note
-------+----------+-------------------------------------------
     0 | D        | olmar the Minotaur Fighter began the quest for the Orb.
     0 | D        | Reached XP level 1. HP: 19/19 MP: 0/0
     2 | D        | Noticed Ijyb
    15 | D        | Killed Ijyb
    15 | D        | Reached skill level 5 in Fighting
    15 | D        | Reached skill level 5 in Armour
    15 | D        | Reached skill level 5 in Shields
    15 | D        | Reached XP level 2. HP: 21/29 MP: 1/1
    97 | D        | Noticed an ogre
   101 | D        | Killed an ogre
   101 | D        | Reached XP level 3. HP: 27/38 MP: 2/2
   101 | D        | Reached XP level 4. HP: 32/45 MP: 3/3
   248 | D        | Noticed Sigmund
   264 | D        | Killed Sigmund
   264 | D        | Reached skill level 5 in Maces & Flails
   264 | D        | Reached XP level 5. HP: 40/56 MP: 4/4
   348 | D        | Found an ornate altar of the Wu Jian Council.
   348 | D        | Found a shimmering blue altar of Sif Muna.
   350 | D        | Found a radiant altar of Vehumet.
   352 | D        | Reached XP level 6. HP: 60/63 MP: 5/5
   356 | D        | Found Quuff's Magic Scroll Emporium.
   356 | D        | Found an ancient bone altar of Kikubaaqudgha.
   356 | D        | Found a stormy altar of Qazlal.
   356 | D        | Found a blossoming altar of Fedhas.
   356 | D        | Found a bloodstained altar of Trog.
   356 | D        | Found an iron altar of Okawaru.
   356 | D        | Found a glowing golden altar of the Shining One.
   356 | D        | Found a glowing silver altar of Zin.
   356 | D        | Found a white marble altar of Elyvilon.
   356 | D        | Noticed a yak
   366 | D        | Killed a yak
   366 | D        | Reached skill level 10 in Armour
   367 | D        | Found a hazy altar of Hepliaklqana.
   367 | D        | Found a hide-covered altar of Uskayaw.
   367 | D        | Found a basalt altar of Yredelemnul.
   367 | D        | Found an opulent altar of Gozag.
   367 | D        | Found a snail-covered altar of Cheibriados.
   367 | D        | Found a sacrificial altar of Ru.
   367 | D        | Found a shadowy altar of Dithmenos.
   368 | D        | Found a sparkling altar of Nemelex Xobeh.
   371 | D        | Became a worshipper of Gozag Ym Sagoz the Greedy
   458 | D        | Found a burning altar of Makhleb.
   458 | D        | Found a viscous altar of Jiyva.
   458 | D        | Found a shimmering altar of Xom.
   458 | D        | Found a corrupted altar of Lugonu.
   458 | D        | Noticed a slime creature
   472 | D        | Killed a slime creature
   472 | D        | Reached skill level 10 in Fighting
   472 | D        | Reached skill level 10 in Shields
   472 | D        | Reached XP level 7. HP: 44/73 MP: 6/6
   601 | D        | Noticed Sonja
   655 | D        | Found Gesufof's General Store.
   663 | D        | Bought a potion of invisibility for 112 gold pieces
   836 | D        | Killed Sonja
   912 | D        | Noticed a deep troll
   919 | D        | HP: 1/73 [deep troll (6)]
   921 | D        | Slain by a deep troll

Illustrated notes

Levels and vault maps discovered:
D:        dungeon_sprint_1 [red_sonja_temple_1, red_sonja_temple_small_1]

Skill      XL: |  1  2  3  4  5  6 |
---------------+-------------------+-----
Fighting       | 5 6 8 9 10 | 10.6
Maces & Flails | 3 4 5 7 |  7.2
Armour         | 5 7 9 10 | 10.9
Shields        | 5 6 8 10 | 10.3
Dodging        | |  0.2
Evocations     | |  0.1

Action                   |  1- 3 |  4- 6 |  7- 9 || total
-------------------------+-------+-------+-------++-------
Melee: Flail             |    16 |    37 |     8 ||    61
       Headbutt          |     1 |     7 |     4 ||    12
Invok: Potion Petition   |       |       |     1 ||     1
Evoke: Wand              |       |     1 |     4 ||     5
  Use: Potion            |     1 |     1 |     1 ||     3
Armor: Scale mail        |     1 |     3 |     5 ||     9
Dodge: Dodged            |     4 |     3 |     6 ||    13
Block: Kite shield       |     9 |    18 |     6 ||    33

Table legend: (Time is in decaauts)
 A = Elapsed time spent in this place.
 B = Non-inter-level travel time spent in this place.
 C = Inter-level travel time spent in this place.
 D = Time resting spent in this place.
 E = Time spent auto-exploring this place.
 F = Levels seen in this place.
 G = Mean time per level.
                   A        B        C        D        E       F      G
               +--------+--------+--------+--------+--------+-----+--------+
         Total |    952 |    938 |     14 |    687 |      0 |   1 |  952.0 |
       Dungeon |    952 |    938 |     14 |    687 |      0 |   1 |  952.0 |
               +--------+--------+--------+--------+--------+-----+--------+

Top non-repeatable levels by time:
       D: 952 daAuts
